 Dungeon Crawl Stone Soup version 0.31.0-10-gcf4a605ca0 (webtiles) character file.

Game seed: 17313105430612525513

2048446 RBrandon the Slayer (level 26, 264/264 HPs)
             Began as a Minotaur Monk on Jan 25, 2024.
             Was the Champion of Trog.
             Escaped with the Orb
             ... and 3 runes on Jan 26, 2024!
             The game lasted 01:46:47 (47798 turns).

RBrandon the Slayer (Minotaur Monk)                Turns: 47798, Time: 01:46:48

Health: 264/264    AC: 54    Str: 42    XL:     26   Next: 78%
Magic:  22/22      EV: 32    Int:  8    God:    Trog [******]
Gold:   3498       SH:  0    Dex: 27    Spells: 25/25 levels left

rFire   + + .        a - +9 executioner's axe (chaos)
rCold   + + .        (shield currently unavailable)
rNeg    + . .        t - +18 shadow dragon scales "Barok" {-Cast rC++ Stlth++++}
rPois   .            (helmet restricted)
rElec   .            w - +2 cloak {Will+}
rCorr   .            q - +1 pair of gloves of the Distant Future {Dex+3}
SInv    .            K - +3 pair of seven-league boots {Rampage+∞}
Will    +++..        R - macabre finger necklace {Finger+ rN+}
Stlth   +++          S - ring "Azxummim" {Str+6 Int+2 Dex+2}
HPRegen 0.64/turn    M - ring "Fihuff" {Will+ Str+6}
MPRegen 0.18/turn    F - ring "Itaxkema" {rF++ Str+6 Int+2 Dex+4}

%: no spellcasting, clarity, rampage+∞
@: no status effects
A: horns 2, retaliatory headbutt, agile 1, clarity, dopey 1, weak 1, subdued
magic 1
0: Orb of Zot
}: 3/15 runes: serpentine, barnacled, silver
a: Renounce Religion, Berserk, Trog's Hand, Brothers in Arms


You escaped.
You worshipped Trog.
Trog was exalted by your worship.
You visited 8 branches of the dungeon, and saw 44 of its levels.
You visited the Abyss 1 time.
You visited 1 bazaar.
You also visited: Ice Cave and Wizlab.

You collected 7524 gold pieces.
You spent 4026 gold pieces at shops.

Inventory:

Hand Weapons
 a - a +9 executioner's axe of chaos (weapon)
   (Trog gifted it to you on level 2 of the Orcish Mines)
 o - a +6 antimagic executioner's axe
   (Trog gifted it to you on level 2 of the Depths)
Missiles
 i - 12 silver javelins
 I - 11 throwing nets (quivered)
 L - 3 curare-tipped darts
Armour
 q - the +1 pair of gloves of the Distant Future (worn) {Dex+3}
   (You bought it in a shop in a bazaar)

   Dex+3:     It affects your dexterity (+3).
 t - the +18 shadow dragon scales "Barok" (worn) {-Cast rC++ Stlth++++}
   (You found it in a wizard's laboratory)

   rC++:      It greatly protects you from cold.
   -Cast:     It prevents spellcasting.
   Stlth++++: It makes you much more stealthy.
 w - a +2 cloak of willpower (worn)
   (You bought it in a shop in a bazaar)
 K - the +3 pair of seven-league boots (worn) {Rampage+∞}
   (You found it in an ice cave)

   Rampage+∞: When moving toward enemies, its wearer moves as far as possible,
   alerting their target en route.
 P - the +0 pair of boots of Trial and Error {Rampage rF++ Str-2}
   (You found it on level 5 of the Lair of Beasts)

   Str-2:     It affects your strength (-2).
   rF++:      It greatly protects you from fire.
   Rampage:   It bestows one free step when moving towards enemies.
 U - a +6 plate armour of cold resistance
   (You took it off an orc warlord on level 2 of the Orcish Mines)
Jewellery
 p - an amulet of guardian spirit
 y - an amulet of regeneration
 B - a ring of resist corrosion
 F - the ring "Itaxkema" (on amulet) {rF++ Str+6 Int+2 Dex+4}
   (You bought it in a shop on level 3 of the Depths)

   [ring of strength]

   Str+6:     It affects your strength (+6).
   Int+2:     It affects your intelligence (+2).
   Dex+4:     It affects your dexterity (+4).
   rF++:      It greatly protects you from fire.
 M - the ring "Fihuff" (right hand) {Will+ Str+6}
   (You took it off a deep elf demonologist on level 1 of the Vaults)

   [ring of strength]

   Str+6:     It affects your strength (+6).
   Will+:     It increases your willpower.
 N - a +4 ring of protection
 R - the macabre finger necklace (around neck) {Finger+ rN+}
   (You found it on level 5 of the Vaults)

   [amulet of nothing]

   Finger+:   It enables you to equip an extra ring.
   rN+:       It protects you from negative energy.
 S - the ring "Azxummim" (left hand) {Str+6 Int+2 Dex+2}
   (You found it on level 1 of the Vaults)

   [ring of strength]

   Str+6:     It affects your strength (+6).
   Int+2:     It affects your intelligence (+2).
   Dex+2:     It affects your dexterity (+2).
Wands
 u - a wand of paralysis (54)
 v - a wand of polymorph (25)
 E - a wand of mindburst (37)
 G - a wand of roots (57)
 W - a wand of digging (14)
 Y - a wand of quicksilver (15)
Scrolls
 b - 3 scrolls of brand weapon
 d - 4 scrolls of revelation
 f - 4 scrolls of blinking
 h - 2 scrolls of poison
 k - 13 scrolls of fog
 l - 5 scrolls of torment
 D - 5 scrolls of immolation
 J - 22 scrolls of teleportation
 T - 7 scrolls of vulnerability
 Z - a scroll of fear
Potions
 c - 3 potions of ambrosia
 e - 8 potions of heal wounds
 g - 20 potions of curing
 j - 4 potions of might
 m - 10 potions of lignification
 n - 6 potions of cancellation
 r - 8 potions of enlightenment
 s - 5 potions of magic
 x - 6 potions of haste
 z - 2 potions of berserk rage
 A - 4 potions of resistance
 C - 3 potions of mutation
 H - 17 potions of attraction
 X - 4 potions of invisibility
Miscellaneous
 O - a phial of floods
 Q - a condenser vane
 V - a box of beasts (inert)


   Skills:
 + Level 26.9 Fighting
 - Level 24.0 Axes
 + Level 25.2 Armour
 + Level 23.8 Dodging
 - Level 14.5 Stealth
 - Level 14.7 Evocations


You had 25 spell levels left.
You didn't know any spells.
Your spell library contained the following spells:

 Spells                   Type           Power      Damage    Failure   Level
 Fugue of the Fallen      Necr           0%         N/A       90%         3
 Ozocubu's Armour         Ice            0%         N/A       90%         3
 Manifold Assault         Tloc           0%         N/A       100%        4


Dungeon Overview and Level Annotations

Branches:
Dungeon (15/15)            Temple (0/1) D:5            Lair (5/5) D:11
 Shoals (4/4) Lair:2        Snake (4/4) Lair:3        Slime (0/5) Lair:4
    Orc (2/2) D:9             Elf (0/3) Orc:2        Vaults (5/5) D:14
  Crypt (0/3) Vaults:3     Depths (4/4) D:15            Zot (5/5) Depths:4
  IceCv (visited)          WizLab (visited)

Altars:
Ashenzari
Cheibriados
Dithmenos
Elyvilon
Gozag
Hepliaklqana
Kikubaaqudgha
Makhleb
Nemelex Xobeh
Sif Muna
Trog
Uskayaw
Vehumet
Wu Jian
Yredelemnul
The Shining One
Jiyva

Shops:
D:2 (*=*!   D:12 *   D:14 *   Orc:1 [(*:   Orc:2 ([((   Shoals:2 [   Snake:1 ?
Snake:3 *[   Vaults:1 *   Vaults:3 :   Vaults:4 :   Depths:3 ?==*

Portals:
Hell: Depths:1 Depths:2 Depths:3 Depths:4
Abyss: Depths:3
Pandemonium: Depths:2 Depths:4
Ziggurat: Depths:2

Annotations:
D:3 1 runed translucent door, middlethird's ghost, weakling VSCj
D:11 1 runed translucent door
Shoals:2 Ilsuiw
Snake:2 1 transporter
Depths:2 Nikola


Innate Abilities, Weirdness & Mutations

You have a pair of horns on your head.
You reflexively headbutt those who attack you in melee.
You are agile. (Dex +4, Str/Int -1)
You possess an exceptional clarity of mind.
You are dopey. (Int -2)
You are weak. (Str -2)
Your spells are a little easier to cast, but a little less powerful.


Message History

The Hell Sentinel is heavily wounded.
The Hell Sentinel completely misses you.
You furiously retaliate!
You headbutt the Hell Sentinel!
The Hell Sentinel hits you but does no damage.
You hit the Hell Sentinel but do no damage.
You headbutt the Hell Sentinel.
The Hell Sentinel is severely wounded.
The Hell Sentinel completely misses you. x2
You slice the Hell Sentinel!!
The Hell Sentinel is almost dead.
You hit the Hell Sentinel but do no damage.
Your headbutt misses the Hell Sentinel.
The Hell Sentinel is almost dead.
The Hell Sentinel hits you but does no damage.
The Hell Sentinel completely misses you.
You cut the Hell Sentinel into ribbons!!!
You kill the Hell Sentinel!
Trog accepts your kill.
There is a stone staircase leading up here.
You climb upwards.
Level annotation: 1 runed translucent door, middlethird's ghost, weakling VSCj
There is a stone staircase leading down here.
There is a stone staircase leading up here.
You climb upwards.
There is a stone staircase leading down here.
There is a stone staircase leading up here.
You climb upwards.
There is a stone staircase leading down here.
An orange demon comes into view.
You catch the helpless orange demon completely off-guard!
You slice the orange demon!! Your headbutt misses the orange demon.
The orange demon is heavily wounded.
You carve the orange demon like a ham!!!
You kill the orange demon!
Trog accepts your kill.
No target in view!
You enter the shallow water.
Moving in this stuff is going to be slow.
There is a staircase leading out of the dungeon here.
You have escaped!

....######### ##.#
............# ####..#
....#######.# #.....#
.(...# ########.########
#.##.## #§§§≈≈≈§.≈≈≈§§≈≈#
#.##..# #≈§§§≈.....§§≈§≈#
#.###.###§≈§§..~~~..§.§≈#
#.# #...#§§..~~~.~~~...§#
#.# ###..§§.~~~.@..~~..≈#
..# ###≈...~~~.~~~...≈#
### #≈≈....~~~...§§§#
#≈≈≈≈≈.....≈≈§§≈#
#≈≈≈≈§≈≈≈≈≈≈§§§§#
#################


There were no monsters in sight!

Vanquished Creatures
  2 pandemonium lords
  A seraph (Depths:4)
  3 dread liches
  4 ancient liches
  5 orbs of fire (Zot:5)
  Boris (twice) (Vaults:5 Depths:1)
  2 antique champions (WizLab)
  5 curse toes
  14 golden dragons
  2 electric golems
  2 doom hounds (Zot:2)
  A Brimstone Fiend (Depths:4)
  Jorgrun (Shoals:3)
  3 Hell Sentinels
  5 liches
  15 tentacled monstrosities
  Mlioglotl (Shoals:2)
  Rupert (D:15)
  Grunn (Zot:2)
  2 Ice Fiends
  3 quicksilver dragons
  24 Orb Guardians
  A walking frostbound tome (Depths:3)
  Asterion (Depths:2)
  4 titans
  Polyphemus (Shoals:4)
  8 death cobs
  The ghost of epsilonplus the Severer, an adept AtBe of Jiyva (Snake:3)
  9 sphinxes
  A kraken (Shoals:4)
  2 ancient champions (WizLab)
  A tentacled starspawn (Abyss:2)
  10 shadow dragons
  4 tengu reavers
  The ghost of Keherigeeg the Fencer, an adept FoCK of Xom (Shoals:1)
  16 storm dragons
  Kirke (D:15)
  Aizul (Shoals:2)
  6 nagarajas
  2 fire giants (Depths:1)
  2 protean progenitors (Zot:4)
  2 draconian knights
  5 draconian monks (Zot:5)
  19 vault wardens
  2 iron dragons
  4 draconian shifters
  2 ghouls (WizLab)
  2 draconian stormcallers
  7 draconian scorchers
  9 frost giants
  The ghost of tacotaco the Bludgeoner, a journeyman MiFi of Okawaru (Shoals:1)
  2 balrugs
  A ghost moth (Vaults:5)
  4 draconian annihilators
  4 orc warlords
  17 ironbound preservers
  A reaper (Depths:3)
  A spriggan defender (Depths:2)
  3 formless jellyfish
  4 ironbound thunderhulks
  5 vampire knights
  34 very ugly things
  A juggernaut skeleton (WizLab)
  9 stone giants
  Nessos (D:15)
  7 green draconians
  2 deep elf demonologists
  7 black draconians
  4 war gargoyles
  A wendigo (Depths:3)
  A lorocyproca (Depths:4)
  7 white draconians
  2 deep elf annihilators
  5 red draconians
  9 yellow draconians
  6 purple draconians
  16 dire elephants
  A minotaur (Shoals:2)
  Azrael (D:15)
  The ghost of Curundu the Blocker, a journeyman MiBe of Trog (D:13)
  3 merfolk javelineers
  17 spark wasps
  A blizzard demon (Depths:2)
  12 ettins
  6 merfolk impalers
  2 entropy weavers
  9 deep elf high priests
  3 jiangshi (WizLab)
  An entropy weaver (shapeshifter) (D:13)
  9 fire dragons
  5 great orbs of eyes
  15 yaktaur captains
  2 salamander tyrants
  A hydra (Lair:4)
  Harold (Lair:2)
  An ogre mage (Vaults:4)
  8 ice dragons
  2 rakshasas (Depths:3)
  A hell beast (Depths:1)
  4 alligator snapping turtles
  2 peacekeepers (Vaults:3)
  2 spriggan air magi (Depths:2)
  32 vault guards
  8 ironbound frosthearts
  A two-headed ogre (shapeshifter) (Depths:2)
  Erica (D:11)
  A catoblepas (Shoals:4)
  5 merfolk aquamancers
  7 anacondas
  2 satyrs
  4 two-headed ogres
  8 boulder beetles
  9 centaur warriors
  A dancing weapon (Vaults:5)
  3 merfolk avatars
  17 tengu warriors
  7 deep troll earth magi
  6 deep troll shamans
  11 naga warriors
  4 hell hogs (Depths:2)
  2 orc high priests (Orc:2)
  11 death yaks
  3 occultists
  A vampire mage (Vaults:3)
  3 hell knights
  14 naga sharpshooters
  A shock serpent (shapeshifter) (Vaults:5)
  3 soul eaters (Depths:2)
  6 shock serpents
  16 sun demons
  10 spriggan berserkers
  A sixfirhy (Depths:4)
  8 skysharks
  3 shadow wraiths (Depths:2)
  12 iron trolls
  13 skeletal warriors
  36 deep trolls
  A golden dragon zombie (WizLab)
  2 quicksilver dragon simulacra (Depths:2)
  2 cherubim (Depths:4)
  A storm dragon skeleton (WizLab)
  2 flayed ghosts
  27 sea snakes
  A sun moth (Snake:1)
  2 orange crystal statues (Depths:3)
  3 glowing orange brains (Depths:2)
  6 mana vipers
  A bog body (IceCv)
  11 spriggan simulacra
  2 arcanists
  12 lindwurms
  4 deep elf zephyrmancers (Orc:1)
  2 naga ritualists
  2 obsidian statues
  21 ironbound convokers
  9 phantasmal warriors
  8 orc knights
  8 deep elf pyromancers
  15 harpies
  4 necromancers
  An elf skeleton (Vaults:4)
  A stone giant zombie (WizLab)
  16 salamanders
  A wolf spider (Lair:3)
  A steelbarb worm (shapeshifter) (Vaults:5)
  A faun (shapeshifter) (Depths:4)
  16 fauns
  43 ugly things
  18 manticores
  10 cyclopes
  3 orc sorcerers
  21 moths of wrath
  A tengu skeleton (Vaults:4)
  17 elephants
  An eye of devastation (Zot:4)
  14 merfolk sirens
  3 meliai (Shoals:2)
  3 human skeletons
  6 guardian serpents
  6 water nymphs
  A rust devil (D:14)
  2 storm dragon simulacra (WizLab)
  28 vault sentinels
  2 smoke demons
  A torpor snail (shapeshifter) (Vaults:5)
  25 black mambas
  4 kobold blastminers (Orc:2)
  15 naga magi
  A water nymph (shapeshifter) (Vaults:5)
  2 orange demons
  2 gargoyles
  6 rime drakes
  An ice statue (Depths:2)
  A kobold demonologist (Depths:4)
  18 cane toads
  A large abomination (D:15)
  An unseen horror (Abyss:2)
  8 komodo dragons
  Jeremiah (D:6)
  27 yaktaurs
  A hellion (Depths:1)
  4 tengu conjurers
  A tormentor (Zot:2)
  A spark wasp simulacrum (Depths:3)
  2 efreet (D:13)
  8 freezing wraiths
  A komodo dragon (shapeshifter) (D:14)
  A merfolk (shapeshifter) (Vaults:4)
  3 golden dragon simulacra
  3 anaconda simulacra (IceCv)
  9 ice devils
  16 merfolk
  3 burning bushes (Lair:4)
  2 tyrant leeches (Lair:5)
  5 hornets
  8 trolls
  2 polar bears
  7 raiju (Abyss:2)
  2 glass eyes
  8 wind drakes
  2 harpy skeletons (Abyss:2)
  33 blink frogs
  4 alligator simulacra (IceCv)
  4 dream sheep
  Grinder (D:6)
  7 snapping turtles
  A stone giant simulacrum (WizLab)
  A frost giant simulacrum (Vaults:2)
  17 slime creatures
  A vampire (D:7)
  2 centaur simulacra
  A slime creature (shapeshifter) (Vaults:5)
  7 wraiths
  5 spriggans
  A spriggan (shapeshifter) (D:14)
  A shadow (D:11)
  A dire elephant simulacrum (IceCv)
  10 water elementals
  4 wyverns
  An ettin skeleton (Vaults:4)
  3 fire elementals (D:15)
  7 hogs (D:15)
  46 yaks
  A redback (shapeshifter) (Depths:1)
  2 wargs
  3 basilisks
  3 steam dragons
  10 vampire mosquitoes
  A basilisk (shapeshifter) (Vaults:3)
  15 minotaur simulacra (IceCv)
  A two-headed ogre zombie (WizLab)
  A naga (shapeshifter) (Vaults:5)
  21 water moccasins
  2 acid dragons (D:12)
  33 nagas
  A glowing shapeshifter skeleton (Vaults:4)
  A two-headed ogre skeleton (WizLab)
  Duvessa (D:6)
  2 hell hounds (D:15)
  An ice beast (shapeshifter) (D:13)
  46 orc warriors
  A laughing skull (Abyss:2)
  3 sky beasts
  A swamp dragon zombie (WizLab)
  2 black bears
  4 ettin simulacra (Depths:2)
  7 boggarts
  7 ogres
  3 ice beasts
  21 centaurs
  24 wolves
  A swamp dragon skeleton (WizLab)
  A phantom (D:3)
  2 kobold brigands
  A brain worm (Abyss:2)
  17 bullfrogs
  6 deep troll simulacra
  A scorpion (D:7)
  11 wights
  Dowan (D:6)
  2 swamp dragon simulacra (WizLab)
  A cyclops skeleton (WizLab)
  6 killer bees (D:8)
  3 lindwurm simulacra (IceCv)
  4 howler monkeys
  7 electric eels
  7 hounds
  2 bombardier beetles (D:6)
  5 jellies
  A quasit (Abyss:2)
  26 orc priests
  A sleepcap (D:7)
  A gnoll bouda (D:8)
  5 iguanas
  Ijyb (D:3)
  Natasha (thrice) (D:3)
  29 orc wizards
  8 hell rats
  A boggart simulacrum (D:14)
  Robin (D:3)
  12 gnolls
  12 adders
  3 river rats (D:11)
  3 shadow imps
  2 white imps
  3 dart slugs
  2 ribbon worms
  114 orcs
  4 bats (D:1)
  11 endoplasms
  2 giant cockroaches
  7 hobgoblins
  14 kobolds
  5 quokkas
  12 ball pythons
  8 frilled lizards
  15 goblins
  7 rats
  2 aspiring fleshes (Zot:4)
  4 spectral weapons (Depths:2)
2096 creatures vanquished.

Vanquished Creatures (collateral kills)
  An orc warlord (Orc:1)
  4 hydras
  A merfolk avatar (Shoals:2)
  A centaur warrior (D:13)
  A boulder beetle (D:13)
  3 harpies (Shoals:2)
  2 fauns (Shoals:2)
  A naga mage (Snake:3)
  3 black mambas (Snake:3)
  An orange demon (Depths:4)
  A merfolk (Shoals:2)
  A tyrant leech (Lair:5)
  3 blink frogs (Lair:5)
  2 yaks (Lair:5)
  4 orc warriors (Orc:1)
  An ogre (Orc:1)
  A wolf (Lair:5)
  A bullfrog (Lair:5)
  An electric eel (Lair:5)
  3 orc priests (Orc:1)
  5 orcs (Orc:1)
41 creatures vanquished.

Vanquished Creatures (others)
  A titan (Vaults:5)
  A frost giant (Depths:3)
  3 very ugly things (Depths:3)
  A fire dragon (Depths:2)
  An iron troll (Depths:2)
  2 deep trolls
  An ugly thing (Depths:2)
  A faun (Shoals:2)
  A guardian serpent (Snake:4)
  An unseen horror (D:12)
  A red devil (Zot:4)
  A goblin (D:3)
  9 tentacles (Shoals:4)
24 creatures vanquished.

Grand Total: 2161 creatures vanquished

Notes
Turn   | Place    | Note
-------+----------+-------------------------------------------
     0 | D:1      | RBrandon the Minotaur Monk began the quest for the Orb.
     0 | D:1      | Reached XP level 1. HP: 19/19 MP: 0/0
   138 | D:1      | Reached skill level 4 in Fighting
   143 | D:1      | Reached XP level 2. HP: 27/27 MP: 1/1
   725 | D:2      | Reached XP level 3. HP: 28/34 MP: 2/2
  1068 | D:2      | Found Syghit's Weapon Shop.
  1129 | D:2      | Found Lemm's General Store.
  1138 | D:2      | Bought a potion of curing for 36 gold pieces
  1387 | D:2      | Found Etytad's Jewellery Shop.
  1393 | D:2      | Reached XP level 4. HP: 41/41 MP: 3/3
  1431 | D:2      | Reached skill level 5 in Fighting
  1445 | D:2      | Found Ungoreapi's Assorted Antiques.
  1470 | D:2      | Found Othramymo's Distillery.
  1567 | D:2      | Found a faded altar of an unknown god.
  1759 | D:3      | You fall into a shaft and drop 1 floor!
  1911 | D:3      | Noticed Robin
  1918 | D:3      | Killed Robin
  1943 | D:3      | Found a bloodstained altar of Trog.
  1980 | D:3      | Noticed a phantom
  1985 | D:3      | Killed a phantom
  1986 | D:3      | Reached skill level 5 in Axes
  1986 | D:3      | Reached XP level 5. HP: 48/48 MP: 4/4
  2001 | D:3      | Became a worshipper of Trog the Wrathful
  2001 | D:3      | Reached * piety under Trog
  2001 | D:3      | Reached ** piety under Trog
  2133 | D:3      | Found a runed translucent door.
  2148 | D:3      | Noticed middlethird's ghost (weakling VSCj)
  2180 | D:3      | Noticed Natasha
  2185 | D:3      | Reached skill level 5 in Dodging
  2187 | D:3      | Killed Natasha
  2188 | D:3      | Reached XP level 6. HP: 56/56 MP: 5/5
  2222 | D:3      | Noticed Natasha
  2242 | D:3      | Killed Natasha
  2266 | D:3      | Noticed Ijyb
  2271 | D:3      | Paralysed by Ijyb for 2 turns
  2287 | D:3      | Noticed Natasha
  2292 | D:3      | Killed Ijyb
  2293 | D:3      | Killed Natasha
  2688 | D:4      | Found a snail-covered altar of Cheibriados.
  2761 | D:4      | Reached skill level 6 in Fighting
  2909 | D:4      | Reached skill level 1 in Armour
  2909 | D:4      | Reached XP level 7. HP: 63/63 MP: 6/6
  3243 | D:4      | Found a sparkling altar of Nemelex Xobeh.
  3243 | D:4      | Found an opulent altar of Gozag.
  3297 | D:5      | Entered Level 5 of the Dungeon
  3393 | D:5      | Found a broken altar of Ashenzari.
  3411 | D:5      | Identified the +6 dagger of Izxygohi {elec, *Noise rF+ rN+}
  3429 | D:5      | Found a staircase to the Ecumenical Temple.
  3773 | D:5      | Reached *** piety under Trog
  3895 | D:5      | Reached skill level 7 in Fighting
  4038 | D:6      | Reached XP level 8. HP: 73/73 MP: 7/7
  4044 | D:6      | Noticed Grinder
  4052 | D:6      | Killed Grinder
  4120 | D:6      | Identified the +3 scale mail of the Trees {+Blink rCorr
                  | MP-9 Dex+6}
  4176 | D:6      | Found a hide-covered altar of Uskayaw.
  4177 | D:6      | Found a glowing golden altar of the Shining One.
  4178 | D:6      | Found a shadowy altar of Dithmenos.
  4178 | D:6      | Noticed Jeremiah
  4221 | D:6      | Killed Jeremiah
  4222 | D:6      | Reached skill level 8 in Fighting
  4222 | D:6      | Reached skill level 5 in Armour
  4252 | D:6      | Reached skill level 10 in Axes
  4252 | D:6      | Reached XP level 9. HP: 64/81 MP: 0/8
  4474 | D:6      | Noticed Dowan
  4480 | D:6      | Noticed Duvessa
  4484 | D:6      | Killed Duvessa
  4484 | D:6      | Killed Dowan
  4989 | D:7      | Reached skill level 9 in Fighting
  5806 | D:7      | Reached **** piety under Trog
  5899 | D:8      | Reached XP level 10. HP: 59/92 MP: 0/9
  5948 | D:8      | Reached skill level 10 in Fighting
  7031 | D:9      | Found a staircase to the Orcish Mines.
  7213 | D:10     | Entered Level 10 of the Dungeon
  7345 | D:10     | Reached skill level 11 in Fighting
  7541 | D:10     | Found a shimmering blue altar of Sif Muna.
  7608 | D:10     | Reached XP level 11. HP: 72/102 MP: 1/10
  7796 | D:10     | Found a hazy altar of Hepliaklqana.
  7808 | D:10     | Found an ornate altar of the Wu Jian Council.
  8144 | D:11     | Noticed a death yak
  8144 | D:11     | Noticed a death yak
  8144 | D:11     | Found a staircase to the Lair.
  8149 | D:11     | Noticed a death yak
  8154 | D:11     | Killed a death yak
  8154 | D:11     | Killed a death yak
  8158 | D:11     | Noticed a boulder beetle
  8162 | D:11     | Killed a death yak
  8163 | D:11     | Reached ***** piety under Trog
  8201 | D:11     | Killed a boulder beetle
  8202 | D:11     | Reached skill level 15 in Axes
  8202 | D:11     | Reached skill level 10 in Armour
  8236 | D:11     | Noticed a two-headed ogre
  8242 | D:11     | Killed a two-headed ogre
  8328 | D:11     | Noticed Erica
  8334 | D:11     | Reached skill level 12 in Fighting
  8347 | D:11     | Killed Erica
  8403 | D:11     | Found a runed translucent door.
  8409 | D:11     | Noticed a fire dragon
  8410 | D:11     | Noticed a fire dragon
  8433 | D:11     | Found a flickering gateway to a bazaar.
  8448 | Bazaar   | Entered a bazaar
  8452 | Bazaar   | Found Zaqaull's Jewellery Boutique.
  8501 | Bazaar   | Found Tudefaun's General Store.
  8522 | Bazaar   | Found Useca's Book Boutique.
  8548 | Bazaar   | Found Feaneeg's Antique Armour Shoppe.
  8557 | Bazaar   | Bought a pair of ancient gloves for 171 gold pieces
  8557 | Bazaar   | Identified the +1 pair of gloves of the Distant Future
                  | {Dex+3} (You bought it in a shop in a bazaar)
  8602 | Bazaar   | Bought a +0 cloak of willpower for 138 gold pieces
  8721 | D:11     | Noticed a skeletal warrior
  8753 | D:11     | Killed a skeletal warrior
  8950 | Lair:1   | Entered Level 1 of the Lair of Beasts
  8973 | Lair:1   | Reached XP level 12. HP: 113/113 MP: 2/11
  9157 | Lair:1   | Reached skill level 13 in Fighting
  9772 | Lair:2   | Noticed Harold
  9782 | Lair:2   | Killed Harold
  9905 | Lair:2   | Received a gift from Trog
  9995 | Lair:2   | Found a staircase to the Shoals.
 10655 | Lair:3   | Noticed a death yak
 10658 | Lair:3   | Noticed a death yak
 10663 | Lair:3   | Noticed a death yak
 10668 | Lair:3   | Killed a death yak
 10669 | Lair:3   | Noticed a death yak
 10671 | Lair:3   | Killed a death yak
 10679 | Lair:3   | Reached XP level 13. HP: 123/123 MP: 3/12
 10708 | Lair:3   | Found a staircase to the Snake Pit.
 10746 | Lair:3   | Reached skill level 14 in Fighting
 11350 | Lair:3   | Identified the +4 halberd of Hohure Teige {drain, Fly Will+
                  | rCorr}
 12156 | Lair:4   | Received a gift from Trog
 12200 | Lair:4   | Found a viscous altar of Jiyva.
 12200 | Lair:4   | Found a staircase to the Slime Pits.
 12811 | Lair:5   | Entered Level 5 of the Lair of Beasts
 12875 | Lair:5   | Identified the +0 pair of boots of Trial and Error {Rampage
                  | rF++ Str-2}
 13003 | Lair:5   | Reached XP level 14. HP: 126/133 MP: 4/13
 13034 | Lair:5   | Reached skill level 15 in Fighting
 13102 | Lair:5   | Reached skill level 10 in Dodging
 13888 | D:2      | Bought a +4 ring of slaying for 780 gold pieces
 14076 | Orc:1    | Entered Level 1 of the Orcish Mines
 14093 | Orc:1    | Found Foema's Book Boutique.
 14104 | Orc:1    | Found Funil's Assorted Antiques.
 14154 | Orc:1    | Found Tajiacs's Antique Armour Shoppe.
 14206 | Orc:1    | Received a gift from Trog
 14231 | Orc:1    | Noticed an orc warlord
 14258 | Orc:1    | Killed an orc warlord
 14395 | Orc:1    | Found Rumeceumarch's Weapon Shop.
 14648 | Orc:1    | Reached skill level 16 in Fighting
 14828 | Orc:2    | Entered Level 2 of the Orcish Mines
 14930 | Orc:2    | Found a burning altar of Makhleb.
 15194 | Orc:2    | Received a gift from Trog
 15205 | Orc:2    | Found Fugiedgh's Antique Weapon Shop.
 15249 | Orc:2    | Found a staircase to the Elven Halls.
 15400 | Orc:2    | Noticed an orc warlord
 15415 | Orc:2    | Killed an orc warlord
 15453 | Orc:2    | Found Mecseah's Antique Armour Shoppe.
 15457 | Orc:2    | Found Meseuv's Antique Weapon Emporium.
 15584 | Orc:2    | Found Siucidghe's Weapon Shoppe.
 16137 | D:12     | Reached XP level 15. HP: 122/145 MP: 14/14
 16388 | D:12     | Found Zolerph's General Store.
 16793 | D:13     | Reached ****** piety under Trog
 16982 | D:13     | Received a gift from Trog
 17265 | D:13     | Found a runed translucent door.
 17270 | D:13     | Noticed a sphinx
 17270 | D:13     | Noticed Curundu's ghost (journeyman MiBe)
 17313 | D:13     | Reached skill level 17 in Fighting
 17679 | D:13     | Killed Curundu's ghost
 17682 | D:13     | Killed a sphinx
 17938 | D:14     | Found a gate to the Vaults.
 17955 | D:14     | Found the +5 scythe "Finisher" {speed, execute}
 18181 | D:14     | Found Kuruc's Gadget Gallery.
 18187 | D:14     | Bought a condenser vane for 600 gold pieces
 18187 | D:14     | Bought a box of beasts for 600 gold pieces
 18337 | D:14     | Received a gift from Trog
 18622 | D:15     | Entered Level 15 of the Dungeon
 18701 | D:15     | Noticed Azrael
 18718 | D:15     | Killed Azrael
 18722 | D:15     | Found a staircase to the Depths.
 18847 | D:15     | Noticed Kirke
 18862 | D:15     | Killed Kirke
 18925 | D:15     | Identified the +4 spear of Plunder {freeze, rC- rN+++ Int-3
                  | Dex+9}
 18947 | D:15     | Reached XP level 16. HP: 155/155 MP: 15/15
 19007 | D:15     | Noticed Nessos
 19026 | D:15     | Killed Nessos
 19139 | D:15     | Identified the maw talisman of Anarchy {*Slow Fly rPois
                  | rF+}
 19139 | D:15     | Noticed Rupert
 19148 | D:15     | Killed Rupert
 19429 | D:15     | Found an ornate altar of the Wu Jian Council.
 19593 | Shoals:1 | Entered Level 1 of the Shoals
 19696 | Shoals:1 | Found a runed translucent gate.
 19696 | Shoals:1 | Found a runed translucent gate.
 19707 | Shoals:1 | Found a runed translucent gate.
 19710 | Shoals:1 | Noticed tacotaco's ghost (journeyman MiFi)
 19710 | Shoals:1 | Noticed Keherigeeg's ghost (adept FoCK)
 19747 | Shoals:1 | Killed Keherigeeg's ghost
 19756 | Shoals:1 | Killed tacotaco's ghost
 19991 | Shoals:1 | Reached skill level 15 in Armour
 19991 | Shoals:1 | Received a gift from Trog
 20220 | Shoals:1 | Reached skill level 18 in Fighting
 20311 | Shoals:2 | Identified the serpent talisman of Least Resistance {rF+++
                  | rC- rCorr Dex-4}
 20311 | Shoals:2 | Noticed Aizul
 20323 | Shoals:2 | Killed Aizul
 20441 | Shoals:2 | Found Zejev's Antique Armour Shoppe.
 20458 | Shoals:2 | Reached skill level 15 in Dodging
 20559 | Shoals:2 | Found a hide-covered altar of Uskayaw.
 20779 | Shoals:2 | Noticed Mlioglotl
 20793 | Shoals:2 | Killed Mlioglotl
 21067 | Shoals:2 | Noticed Ilsuiw
 21072 | Shoals:2 | Reached XP level 17. HP: 142/166 MP: 16/16
 21749 | Shoals:3 | Identified the +5 battleaxe of the Crushed Coins {heavy,
                  | ^Fragile Fly rN+ Stlth+} (Trog gifted it to you on level 3
                  | of the Shoals)
 21749 | Shoals:3 | Received a gift from Trog
 22217 | Shoals:4 | Entered Level 4 of the Shoals
 22397 | Shoals:4 | Noticed a kraken
 22397 | Shoals:4 | Noticed Polyphemus
 22407 | Shoals:4 | Reached skill level 1 in Evocations
 22430 | Shoals:4 | Killed Polyphemus
 22446 | Abyss:2  | Found a corrupted altar of Lugonu.
 22446 | Abyss:2  | Cast into level 2 of the Abyss (merfolk impaler)
 22473 | Abyss:2  | Found a corrupted altar of Lugonu.
 22606 | Shoals:4 | Escaped the Abyss
 22615 | Shoals:4 | Received a gift from Trog
 22668 | Shoals:4 | Killed a kraken
 22671 | Shoals:4 | Got a barnacled rune of Zot
 23194 | Shoals:4 | Reached skill level 5 in Evocations
 23717 | Shoals:3 | Noticed Jorgrun
 23726 | Shoals:3 | Killed Jorgrun
 23868 | Snake:1  | Entered Level 1 of the Snake Pit
 24198 | Snake:1  | Reached skill level 19 in Fighting
 24276 | Snake:1  | Received a gift from Trog
 24476 | Snake:1  | Found Udaheyto's Magic Scroll Boutique.
 24481 | Snake:1  | Bought 2 scrolls of brand weapon for 285 gold pieces
 24482 | Snake:1  | Bought a scroll of enchant weapon for 112 gold pieces
 24482 | Snake:1  | Bought a scroll of blinking for 112 gold pieces
 24728 | Snake:1  | Reached XP level 18. HP: 147/176 MP: 17/17
 25114 | Snake:2  | Found a glacial archway.
 25179 | IceCv    | Entered an ice cave
 25227 | IceCv    | Found the +3 pair of seven-league boots {Rampage+∞}
 25476 | IceCv    | Received a gift from Trog
 25912 | IceCv    | Noticed an Ice Fiend
 25939 | IceCv    | Killed an Ice Fiend
 26057 | IceCv    | Identified the +9 mace "Ogreslayer" {freeze, ^Contam Dex+4}
 26140 | Snake:2  | Found a transporter.
 26141 | Snake:2  | Found a radiant altar of Vehumet.
 26319 | Snake:2  | Identified the +5 sling of Anguish {drain, rN+ Str+4 Dex+4}
 26320 | Snake:2  | Identified the +0 troll leather armour of Anarchy {^Drain
                  | *Slow rN+++ Regen+ Str+5}
 27029 | Snake:3  | Identified the +1 mace of the Manifold Runes {venom, *Slow
                  | rF++ MP+9 SInv}
 27495 | Snake:3  | Found Kumoutyl's Armour Emporium.
 27833 | Snake:3  | Found a runed translucent gate.
 27834 | Snake:3  | Found a runed translucent gate.
 27835 | Snake:3  | Found a runed translucent gate.
 27836 | Snake:3  | Found an opulent altar of Gozag.
 27837 | Snake:3  | Noticed epsilonplus's ghost (adept AtBe)
 27839 | Snake:3  | Found Buremoycu's Assorted Antiques.
 27849 | Snake:3  | Killed epsilonplus's ghost
 27889 | Snake:3  | Reached XP level 19. HP: 177/184 MP: 18/18
 27890 | Snake:3  | Reached skill level 20 in Fighting
 27890 | Snake:3  | Reached XP level 20. HP: 187/193 MP: 19/19
 27928 | Snake:3  | Bought a scroll of enchant weapon for 180 gold pieces
 28067 | Snake:4  | Entered Level 4 of the Snake Pit
 28200 | Snake:4  | Reached skill level 10 in Evocations
 28227 | Snake:4  | Identified the +7 battleaxe "Puaf" {antimagic, rC+ rN+}
                  | (Trog gifted it to you on level 4 of the Snake Pit)
 28227 | Snake:4  | Received a gift from Trog
 28947 | Snake:4  | Identified the +5 whip "Usocwuo" {pain, Will- rCorr Str+3
                  | Dex+6}
 29454 | Snake:4  | Got a serpentine rune of Zot
 29521 | Snake:4  | Reached XP level 21. HP: 168/202 MP: 20/20
 30023 | Vaults:1 | Entered Level 1 of the Vaults
 30035 | Vaults:1 | Received a gift from Trog
 30130 | Vaults:1 | Found Zuet's General Store.
 30137 | Vaults:1 | Bought a scroll of blinking for 135 gold pieces
 30622 | Vaults:1 | Identified the ring of Futu {Str+2 Int+6}
 30622 | Vaults:1 | Identified the +2 robe of Dehe {Rampage ^Drain rCorr
                  | Archmagi}
 30623 | Vaults:1 | Identified the ring "Fihuff" {Will+ Str+6}
 30636 | Vaults:1 | Identified the ring "Azxummim" {Str+6 Int+2 Dex+2}
 31272 | Vaults:2 | Found a magical portal.
 31280 | WizLab   | Entered Zonguldrok's Shrine
 31333 | WizLab   | Received a gift from Trog
 31591 | WizLab   | Noticed an antique champion
 31591 | WizLab   | Noticed an antique champion
 31597 | WizLab   | Killed an antique champion
 31598 | WizLab   | Reached skill level 21 in Fighting
 31604 | WizLab   | Killed an antique champion
 31634 | WizLab   | Identified the +18 shadow dragon scales "Barok" {-Cast rC++
                  | Stlth++++}
 32140 | Vaults:2 | Identified the +5 arbalest "Meun Bemp" {drain, rC+ Will-
                  | rCorr Dex+7}
 32546 | Vaults:2 | Received a gift from Trog
 33079 | Vaults:3 | Reached XP level 22. HP: 202/213 MP: 21/21
 33092 | Vaults:3 | Found a staircase to the Crypt.
 33208 | Vaults:3 | Paralysed by a formless jellyfish for 1 turns
 33357 | Vaults:3 | Received a gift from Trog
 33613 | Vaults:3 | Found Xasokk's Book Shop.
 34489 | Vaults:4 | Received a gift from Trog
 34711 | Vaults:4 | Identified the +1 sling "Emnagerr" {speed, rC+ Str-4 Int+2}
 34791 | Vaults:4 | Reached skill level 22 in Fighting
 35097 | Vaults:4 | Found Mulusos's Book Shoppe.
 35312 | Vaults:5 | Entered Level 5 of the Vaults
 35312 | Vaults:5 | Noticed an ancient lich
 35317 | Vaults:5 | Killed an ancient lich
 35409 | Vaults:5 | Reached skill level 1 in Stealth
 35576 | Vaults:5 | Received a gift from Trog
 35577 | Vaults:5 | Reached skill level 5 in Stealth
 35593 | Vaults:5 | Noticed an ancient lich
 35601 | Vaults:5 | Killed an ancient lich
 35645 | Vaults:5 | Got a silver rune of Zot
 35763 | Vaults:5 | Identified the +7 war axe "Tioc" {drain, rN+ rCorr Str+5
                  | Int-2}
 35763 | Vaults:5 | Identified the +3 shortbow of Guilt {freeze, ^Fragile rElec
                  | rN+ SInv}
 35763 | Vaults:5 | Found the macabre finger necklace {Finger+ rN+}
 35803 | Vaults:5 | Identified the ring of Free Expression {Ice Will+ SInv}
 35900 | Vaults:5 | Reached XP level 23. HP: 223/223 MP: 22/22
 35931 | Vaults:5 | Noticed an ancient lich
 35941 | Vaults:5 | Noticed a dread lich
 35954 | Vaults:5 | Killed a dread lich
 35961 | Vaults:5 | Received a gift from Trog
 35983 | Vaults:5 | Reached skill level 10 in Stealth
 36005 | Vaults:5 | Killed an ancient lich
 36014 | Vaults:5 | Noticed Boris
 36023 | Vaults:5 | Killed Boris
 36061 | Vaults:5 | Identified the +2 quarterstaff "Nerchua" {elec, *Slow rF+
                  | rC+ rN+}
 36606 | Vaults:5 | Identified the staff of the Hurting Gods {+Blink rC+ Dex-4
                  | Tloc Fire Ice}
 36899 | Vaults:5 | Identified the +5 orcbow "Satzena" {freeze, rF+ Str+3
                  | Int+5}
 36929 | Vaults:5 | Identified the +1 spear of Zouxoril {venom, Int+2}
 36966 | Vaults:5 | Identified the -1 helmet "Xesaanneu" {Slay+2}
 37274 | Depths:1 | Entered Level 1 of the Depths
 37312 | Depths:1 | Found a gateway to Hell.
 37323 | Depths:1 | Received a gift from Trog
 37676 | Depths:1 | Received a gift from Trog
 37832 | Depths:1 | Noticed Boris
 37838 | Depths:1 | Killed Boris
 38239 | Depths:1 | Reached XP level 24. HP: 225/232 MP: 22/22
 38456 | Depths:2 | Found a white marble altar of Elyvilon.
 38517 | Depths:2 | Found an ancient bone altar of Kikubaaqudgha.
 38521 | Depths:2 | Noticed Asterion
 38714 | Depths:2 | Received a gift from Trog
 38738 | Depths:2 | Identified the +10 rapier of Stickiness {venom, rF+ Int+5
                  | SInv}
 38780 | Depths:2 | Killed Asterion
 38790 | Depths:2 | Identified the +4 ring mail "Ewaacor" {rPois Dex+4}
 38841 | Depths:2 | Identified the +7 chain mail "Zagasot" {rPois rC+ Dex+3}
 38927 | Depths:2 | Found an ornate altar of the Wu Jian Council.
 38927 | Depths:2 | Found a one-way gate leading to the halls of Pandemonium.
 39009 | Depths:2 | Reached skill level 23 in Fighting
 39178 | Depths:2 | Received a gift from Trog
 39320 | Depths:2 | Found a glowing golden altar of the Shining One.
 39320 | Depths:2 | Found a one-way gateway to a ziggurat.
 39320 | Depths:2 | Found the crystal ball of Wucad Mu {*channel}
 39482 | Depths:2 | Noticed Nikola
 40078 | Depths:3 | Found Ytaops's Jewellery Shoppe.
 40078 | Depths:3 | Found Cepioron's Magic Scroll Emporium.
 40078 | Depths:3 | Found Omnoec's Jewellery Emporium.
 40094 | Depths:3 | Found Ejuif's General Store.
 40147 | Depths:3 | Bought the ring "Itaxkema" {rF++ Str+6 Int+2 Dex+4} for 877
                  | gold pieces
 40356 | Depths:3 | Paralysed by a wendigo for 1 turns
 40541 | Depths:3 | Found a one-way gate to the infinite horrors of the Abyss.
 40735 | Depths:3 | Found a snail-covered altar of Cheibriados.
 40738 | Depths:3 | Received a gift from Trog
 40944 | Depths:4 | Entered Level 4 of the Depths
 41505 | Depths:4 | Reached XP level 25. HP: 245/245 MP: 22/22
 41560 | Depths:4 | Reached skill level 24 in Fighting
 41907 | Depths:4 | Found a gate to the Realm of Zot.
 42102 | Depths:4 | Identified the +1 broad axe "Meriuvis" {venom, rElec}
 42139 | Depths:4 | Found a basalt altar of Yredelemnul.
 42506 | Zot:1    | Entered Level 1 of the Realm of Zot
 42543 | Zot:1    | Received a gift from Trog
 42727 | Zot:2    | Noticed Grunn
 42735 | Zot:2    | Killed Grunn
 43509 | Zot:3    | Noticed an orb of fire
 44114 | Zot:4    | Reached skill level 25 in Fighting
 44455 | Zot:4    | Received a gift from Trog
 45072 | Zot:5    | Entered Level 5 of the Realm of Zot
 45611 | Zot:5    | Reached XP level 26. HP: 241/259 MP: 22/22
 45702 | Zot:5    | Noticed a dread lich
 45724 | Zot:5    | Killed a dread lich
 45753 | Zot:5    | Noticed an orb of fire
 45766 | Zot:5    | Gained mutation: Your body sometimes deteriorates upon
                  | taking damage. [an orb of fire]
 45767 | Zot:5    | Killed an orb of fire
 45768 | Zot:5    | Noticed an orb of fire
 45769 | Zot:5    | Noticed an ancient lich
 45779 | Zot:5    | Killed an ancient lich
 45782 | Zot:5    | Gained mutation: You are clumsy. (Dex -2) [an orb of fire]
 45784 | Zot:5    | Gained mutation: You are weak. (Str -2) [an orb of fire]
 45793 | Zot:5    | Gained mutation: You are frail. (-10% HP) [an orb of fire]
 45808 | Zot:5    | Killed an orb of fire
 45809 | Zot:5    | Reached skill level 26 in Fighting
 45809 | Zot:5    | Lost mutation: You are frail. (-10% HP) [potion of
                  | mutation]
 45809 | Zot:5    | Lost mutation: You are clumsy. (Dex -2) [potion of
                  | mutation]
 45809 | Zot:5    | Gained mutation: You possess an exceptional clarity of
                  | mind. [potion of mutation]
 45809 | Zot:5    | Gained mutation: You have an increased reservoir of magic.
                  | (+10% MP) [potion of mutation]
 45809 | Zot:5    | Gained mutation: Your flesh is cold resistant. (rC+)
                  | [potion of mutation]
 45809 | Zot:5    | Gained mutation: You are partially covered in iridescent
                  | scales. (AC +2) [potion of mutation]
 46116 | Zot:5    | Noticed a dread lich
 46118 | Zot:5    | Noticed an orb of fire
 46126 | Zot:5    | Killed a dread lich
 46133 | Zot:5    | Noticed an orb of fire
 46138 | Zot:5    | Killed an orb of fire
 46139 | Zot:5    | Noticed an orb of fire
 46146 | Zot:5    | Killed an orb of fire
 46152 | Zot:5    | Killed an orb of fire
 46152 | Zot:5    | Received a gift from Trog
 46162 | Zot:5    | Gained mutation: Your spells are a little easier to cast,
                  | but a little less powerful. [mutagenic glow]
 46179 | Zot:5    | Gained mutation: Your spells are easier to cast, but less
                  | powerful. [mutagenic glow]
 46194 | Zot:5    | Gained mutation: You are vulnerable to heat. (rF-)
                  | [mutagenic glow]
 46546 | Zot:5    | Lost mutation: You possess an exceptional clarity of mind.
                  | [potion of mutation]
 46546 | Zot:5    | Lost mutation: You are weak. (Str -2) [potion of mutation]
 46546 | Zot:5    | Lost mutation: Your body sometimes deteriorates upon taking
                  | damage. [potion of mutation]
 46546 | Zot:5    | Gained mutation: You have sharp fingernails. [potion of
                  | mutation]
 46552 | Zot:5    | Lost mutation: You have an increased reservoir of magic.
                  | (+10% MP) [potion of mutation]
 46552 | Zot:5    | Lost mutation: Your flesh is cold resistant. (rC+) [potion
                  | of mutation]
 46552 | Zot:5    | Gained mutation: You expend magic power (3 MP) to
                  | strengthen your wands. [potion of mutation]
 46552 | Zot:5    | Gained mutation: Your flesh is cold resistant. (rC+)
                  | [potion of mutation]
 46553 | Zot:5    | Lost mutation: Your flesh is cold resistant. (rC+) [potion
                  | of mutation]
 46553 | Zot:5    | Lost mutation: You have sharp fingernails. [potion of
                  | mutation]
 46553 | Zot:5    | Lost mutation: Your spells are easier to cast, but less
                  | powerful. [potion of mutation]
 46553 | Zot:5    | Lost mutation: Your spells are a little easier to cast, but
                  | a little less powerful. [potion of mutation]
 46554 | Zot:5    | Lost mutation: You are vulnerable to heat. (rF-) [potion of
                  | mutation]
 46554 | Zot:5    | Lost mutation: You are partially covered in iridescent
                  | scales. (AC +2) [potion of mutation]
 46554 | Zot:5    | Lost mutation: You expend magic power (3 MP) to strengthen
                  | your wands. [potion of mutation]
 46554 | Zot:5    | Gained mutation: You are weak. (Str -2) [potion of
                  | mutation]
 46554 | Zot:5    | Gained mutation: You are agile. (Dex +4, Str/Int -1)
                  | [potion of mutation]
 46554 | Zot:5    | Gained mutation: You possess an exceptional clarity of
                  | mind. [potion of mutation]
 46931 | Zot:5    | Got the Orb of Zot
 46939 | Zot:5    | Gained mutation: Your spells are a little easier to cast,
                  | but a little less powerful. [a neqoxec]
 46942 | Zot:5    | Gained mutation: You are dopey. (Int -2) [a neqoxec]
 47009 | Zot:4    | Noticed Voywnupt the pandemonium lord
 47023 | Zot:4    | Killed Voywnupt the pandemonium lord
 47026 | Zot:4    | Noticed Diofufis the pandemonium lord
 47207 | Depths:4 | Noticed a seraph
 47219 | Depths:4 | Killed a seraph
 47236 | Depths:4 | Noticed Jeg Pehu the pandemonium lord
 47248 | Depths:4 | Killed Jeg Pehu the pandemonium lord
 47798 | D:$      | Escaped with the Orb!

Illustrated notes

Levels and vault maps discovered:
D:1:      dpeg_arrival_shrine, layout_loops_ring
D:2:      layout_loops_ring, shapermc_ecumenical_altar_mp_ritualfount,
          serial_shops, shop, nicolae_square_shop, shop,
          nicolae_shop_just_a_little_nook, shop, nicolae_half_adder
D:3:      layout_loops_ring, mainiacjoe_overflow_cross_hatched,
          ebering_ghost_reflecting_pool, uniq_natasha, uniq_ijyb, uniq_robin
D:4:      minmay_spotlight, layout_loops_ring, grunt_temple_overflow_opulence,
          kennysheep_little_box, due_unseen_surprise
D:5:      layout_loops_ring, cheibrodos_ashenzari_chains,
          minmay_temple_entry_junction, chequers_serial_rivers_micro_a,
          fountainhead
D:6:      layout_rooms, chequers_temple_overflow_statue_of_worship,
          uniq_duvessa, uniq_grinder, uniq_jeremiah
D:7:      layout_basic, marbit_many_paths, hangedman_abyss_or_decor_lesser_grid,
          kennysheep_boxes
D:8:      layout_rooms
D:9:      layout_roguey, david_orc_4
D:10:     layout_basic, kennysheep_orc_sif_temple, minitemple
D:11:     layout_gridville, dpeg_lair_monsters, serial_shops, freezing_bzr,
          minivault_13, uniq_erica
D:12:     layout_cave_pools, serial_shops, shop
D:13:     minmay_the_grid_plus [minmay_the_grid_tree, minmay_the_grid_dragon_a,
          minmay_the_grid_gridbox, minmay_the_grid_minigrid_small_alt,
          minmay_the_grid_prize_big_room], layout_basic,
          ebering_ghost_inner_flame, special_room [special_room_bee]
D:14:     layout_basic, david_vaults_2, special_room [special_room_orc],
          chequers_serial_rivers_room_a, nicolae_shop_gadgets
D:15:     grunt_enter_depths_hoard, layout_gridville, nzn_wu_jian_council_hall,
          uniq_rupert, uniq_azrael, uniq_kirke, uniq_nessos
Lair:1:   layout_loops_ring, grunt_megastairs_3
Lair:2:   layout_cave_pods, shoals_dummy_entry, grunt_forest_stairs_clearing,
          serial_bayou_shore_b, serial_bayou_shore_b, uniq_harold
Lair:3:   layout_regular_city, minmay_snake_entry_six_corridors, minivault_23,
          dreamdust_mushroom_princess, nicolae_lair_run_with_the_wolves
Lair:4:   layout_gridlike, nicolae_slime_entry_slimehenge,
          grunt_forest_small_clearings, evilmike_ambush
          [evilmike_ambush_outer_pillars, evilmike_ambush_inner_wall_1],
          lemuel_fruit_tree
Lair:5:   minmay_lair_end_frog_pond, layout_cave_shapes, grunt_megastairs_5
Shoals:1: layout_shoals, gammafunk_ghost_cemetery
Shoals:2: cheibrodos_shoals_epimethial_gifts, layout_shoals, serial_shops,
          nicolae_shop_pleasant_corner_grove, regret_index_shoals_crete,
          uniq_aizul, uniq_ilsuiw, uniq_mlioglotl
Shoals:3: nicolae_shoals_aurelia_aurita, layout_shoals, nicolae_shoals_so_close,
          uniq_jorgrun
Shoals:4: shoals_end_hangedman, layout_shoals, uniq_polyphemus
Snake:1:  layout_basic, serial_shops, shop_fountains, grunt_ministairs_8,
          st_stairs_13, nicolae_snake_salamander_jacuzzi
Snake:2:  gammafunk_sealed_library, layout_cave_pods,
          portal_ice_cave_entry_ugly_swarm, grunt_ministairs_7, drop_trap
Snake:3:  layout_concentric_octagons, serial_shops, shop, ebering_ghost_gozag
Snake:4:  grunt_snake_rune_pools, layout_cave_town, serial_bayou_pond_e,
          st_stairs_3
Orc:1:    layout_caves, serial_shops, nicolae_shop_back_alley_shop,
          nicolae_shop_advertising_works [nicolae_subvault_shop_adworks],
          nicolae_shop_waterfront, shop, elves_outpost_lemuel
Orc:2:    grunt_orc_community_town_hall, layout_diamond_mine,
          grunt_orc_community_big_house_2, grunt_orc_community_big_house_1,
          grunt_orc_community_house_1, grunt_orc_community_house_1,
          grunt_orc_community_house_1, grunt_orc_community_house_1,
          grunt_orc_community_house_2, grunt_orc_community_house_2,
          bloody_makhleb
Vaults:1: nicolae_vaults_prndl, v_alt_pattern_6,
          nicolae_vaults_storing_the_good_stuff, vaults_room_door_ring,
          nicolae_vaults_mitosis, ontoclasm_vaults_pinch, vaults_room_hallway,
          layout_vaults_chaotic_city, serial_shops, shop
Vaults:2: mu_enter_wizlab_1, v_rooms_2, nicolae_vaults_alarming,
          nicolae_vaults_variable_pillar_hall, nicolae_vaults_double_plus_2,
          dpeg_vaults_monster_row, nicolae_vaults_rhombus_6, v_misc_17,
          vaults_room_pools, dpeg_vaults_monster_box,
          nicolae_vaults_shipping_containers_4, nicolae_vaults_tetromino_L_2,
          layout_vaults_quadrants
Vaults:3: nicolae_vaults_little_squares_1, hangedman_vaults_slice,
          minmay_crypt_entry_simple_corners, nicolae_vaults_sightless_eye,
          nicolae_vaults_closet_pinwheel_5, nicolae_vaults_three_branches,
          hangedman_vaults_restitches, nicolae_vaults_closet_pinwheel_5,
          v_misc_14, nicolae_vaults_trapezoid_4, v_alt_pattern_1,
          nicolae_vaults_tetromino_L_2, nicolae_vaults_tetromino_Z_1,
          layout_vaults_omnicross, serial_shops, shop
Vaults:4: hangedman_vaults_stream, nicolae_vaults_little_squares_4,
          nicolae_vaults_network_quincunx
          [nicolae_vaults_network_quincunx_subvault,
          nicolae_vaults_network_quincunx_subvault,
          nicolae_vaults_network_quincunx_subvault,
          nicolae_vaults_network_quincunx_subvault,
          nicolae_vaults_network_quincunx_subvault], st_lattice,
          nicolae_vaults_six-pack, nicolae_vaults_network_quinsquares
          [nicolae_vaults_network_quincunx_subvault,
          nicolae_vaults_network_quincunx_subvault,
          nicolae_vaults_network_quincunx_subvault,
          nicolae_vaults_network_quincunx_subvault], nicolae_vaults_rhombus_7,
          nicolae_vaults_trapezoid_layered, v_misc_4, vaults_room_boxed,
          nicolae_vaults_little_squares_1, ontoclasm_vaults_decontamination,
          grunt_vaults_focal, layout_vaults_omnibox, serial_shops,
          nicolae_book_shop_shelving
Vaults:5: uniq_boris
Depths:1: layout_honeycomb, chequers_jeans,
          nicolae_hell_entry_hellmouth_sunbeams, patterned_corridor
Depths:2: grunt_profane_halls [grunt_profane_loot, grunt_profane_temple_geh,
          grunt_profane_temple_tar, grunt_profane_temple_dis,
          grunt_profane_temple_coc], pan_entry, hell_entry, uniq_asterion,
          uniq_nikola
Depths:3: dreamdust_isle_of_ice, layout_cave_pools, abyss_entry, hell_entry,
          kennysheep_doodads, nrook_pool_corridor, slow_altar_2,
          infiniplex_staircase_river, minmay_shoptagon
Depths:4: grunt_bruiser_brothers, layout_gridlike, pf_coc_iceberg,
          lemuel_coloured_pillars_altar, rand_demon_pan_entry_9,
          nrook_kobold_shadow_demons
Zot:1:    layout_twisted_circle, regret_index_zotdec_dark_gr,
          regret_index_zotdec_banners
Zot:2:    hellmonk_paralyzer, layout_cellular_growth,
          regret_index_zotdec_onion_hex, grunt_ministairs_10, uniq_josephina,
          uniq_grunn, uniq_parghit
Zot:3:    layout_onion
Zot:4:    kennysheep_room_grid, layout_onion_interference,
          regret_index_zotdec_golden_two_three, zot_minivault_4
Zot:5:    layout_misc_corridors

Skill      XL: |  1  2  3  4  5  6  7  8  9 10 11 12 13 14 15 16 17 18 19 20 21 22 23 24 25 26 |
---------------+-------------------------------------------------------------------------------+-----
Fighting       | 4 5 6 7 8 9 11 12 13 14 16 17 18 19 20 21 22 23 25 26 | 26.9
Dodging        | 4 5 6 9 13 14 15 16 17 18 19 21 22 23 | 23.8
Axes           | 5 6 8 10 12 14 16 18 19 20 21 23 24 | 24.0
Armour         | 1 3 5 7 9 11 12 13 14 15 16 17 18 19 20 22 23 25 | 25.2
Evocations     | 6 9 10 13 14 | 14.7
Stealth        | 8 14 | 14.5

Action                     |  1- 3 |  4- 6 |  7- 9 | 10-12 | 13-15 | 16-18 | 19-21 | 22-24 | 25-27 || total
---------------------------+-------+-------+-------+-------+-------+-------+-------+-------+-------++-------
  Melee: Hand axe          |    57 |       |       |       |       |       |       |       |       ||    57
         Headbutt          |     7 |    14 |    47 |    82 |   238 |   293 |   174 |   383 |   205 ||  1443
         War axe           |     6 |    90 |   116 |       |       |       |       |       |       ||   212
         Battleaxe         |       |       |    80 |   361 |   530 |       |       |       |       ||   971
         Executioner's axe |       |       |       |       |   417 |  1106 |   588 |  1205 |   665 ||  3981
 Invoke: Berserk           |       |     4 |     6 |     9 |     8 |    17 |     4 |     4 |     1 ||    53
         Trog's Hand       |       |       |     1 |     6 |     8 |    18 |    12 |    12 |     3 ||    60
         Brothers in Arms  |       |       |       |       |     7 |     5 |       |       |       ||    12
  Evoke: Wand              |       |       |       |       |     1 |       |       |     1 |     3 ||     5
         Condenser vane    |       |       |       |       |       |     1 |       |     2 |     1 ||     4
         Phial of floods   |       |       |       |       |       |     1 |       |     1 |       ||     2
         Box of beasts     |       |       |       |       |       |       |       |       |     1 ||     1
    Use: Scroll            |       |       |     9 |    14 |    10 |     7 |     5 |     6 |     9 ||    60
         Potion            |       |       |       |     1 |       |     4 |     1 |     1 |    19 ||    26
   Stab: Distracted        |       |       |       |       |       |     3 |     1 |     4 |     5 ||    13
         Confused          |       |       |       |       |       |     2 |     4 |    28 |    12 ||    46
         Petrifying        |       |       |       |       |       |     1 |     3 |       |     4 ||     8
         Petrified         |       |       |       |       |       |       |     1 |       |     3 ||     4
         Sleeping          |       |       |       |       |       |       |     1 |    15 |     5 ||    21
         Paralysed         |       |       |       |       |       |       |     1 |     4 |     4 ||     9
 Armour: Robe              |    24 |       |       |       |       |       |       |       |       ||    24
         Leather armour    |       |    41 |       |       |       |       |       |       |       ||    41
         Scale mail        |       |    14 |   147 |   312 |   361 |       |       |       |       ||   834
         Chain mail        |       |       |    27 |       |       |       |       |       |       ||    27
         Plate armour      |       |       |       |       |   339 |   794 |   276 |       |       ||  1409
         Shadow dragon sca |       |       |       |       |       |       |    78 |   715 |   396 ||  1189
  Dodge: Dodged            |    40 |    59 |   115 |   260 |   588 |   556 |   263 |   740 |   463 ||  3084

Levels and vault maps discovered:
D:1:      dpeg_arrival_shrine, layout_loops_ring
D:2:      layout_loops_ring, shapermc_ecumenical_altar_mp_ritualfount,
          serial_shops, shop, nicolae_square_shop, shop,
          nicolae_shop_just_a_little_nook, shop, nicolae_half_adder
D:3:      layout_loops_ring, mainiacjoe_overflow_cross_hatched,
          ebering_ghost_reflecting_pool, uniq_natasha, uniq_ijyb, uniq_robin
D:4:      minmay_spotlight, layout_loops_ring, grunt_temple_overflow_opulence,
          kennysheep_little_box, due_unseen_surprise
D:5:      layout_loops_ring, cheibrodos_ashenzari_chains,
          minmay_temple_entry_junction, chequers_serial_rivers_micro_a,
          fountainhead
D:6:      layout_rooms, chequers_temple_overflow_statue_of_worship,
          uniq_duvessa, uniq_grinder, uniq_jeremiah
D:7:      layout_basic, marbit_many_paths, hangedman_abyss_or_decor_lesser_grid,
          kennysheep_boxes
D:8:      layout_rooms
D:9:      layout_roguey, david_orc_4
D:10:     layout_basic, kennysheep_orc_sif_temple, minitemple
D:11:     layout_gridville, dpeg_lair_monsters, serial_shops, freezing_bzr,
          minivault_13, uniq_erica
D:12:     layout_cave_pools, serial_shops, shop
D:13:     minmay_the_grid_plus [minmay_the_grid_tree, minmay_the_grid_dragon_a,
          minmay_the_grid_gridbox, minmay_the_grid_minigrid_small_alt,
          minmay_the_grid_prize_big_room], layout_basic,
          ebering_ghost_inner_flame, special_room [special_room_bee]
D:14:     layout_basic, david_vaults_2, special_room [special_room_orc],
          chequers_serial_rivers_room_a, nicolae_shop_gadgets
D:15:     grunt_enter_depths_hoard, layout_gridville, nzn_wu_jian_council_hall,
          uniq_rupert, uniq_azrael, uniq_kirke, uniq_nessos
Lair:1:   layout_loops_ring, grunt_megastairs_3
Lair:2:   layout_cave_pods, shoals_dummy_entry, grunt_forest_stairs_clearing,
          serial_bayou_shore_b, serial_bayou_shore_b, uniq_harold
Lair:3:   layout_regular_city, minmay_snake_entry_six_corridors, minivault_23,
          dreamdust_mushroom_princess, nicolae_lair_run_with_the_wolves
Lair:4:   layout_gridlike, nicolae_slime_entry_slimehenge,
          grunt_forest_small_clearings, evilmike_ambush
          [evilmike_ambush_outer_pillars, evilmike_ambush_inner_wall_1],
          lemuel_fruit_tree
Lair:5:   minmay_lair_end_frog_pond, layout_cave_shapes, grunt_megastairs_5
Shoals:1: layout_shoals, gammafunk_ghost_cemetery
Shoals:2: cheibrodos_shoals_epimethial_gifts, layout_shoals, serial_shops,
          nicolae_shop_pleasant_corner_grove, regret_index_shoals_crete,
          uniq_aizul, uniq_ilsuiw, uniq_mlioglotl
Shoals:3: nicolae_shoals_aurelia_aurita, layout_shoals, nicolae_shoals_so_close,
          uniq_jorgrun
Shoals:4: shoals_end_hangedman, layout_shoals, uniq_polyphemus
Snake:1:  layout_basic, serial_shops, shop_fountains, grunt_ministairs_8,
          st_stairs_13, nicolae_snake_salamander_jacuzzi
Snake:2:  gammafunk_sealed_library, layout_cave_pods,
          portal_ice_cave_entry_ugly_swarm, grunt_ministairs_7, drop_trap
Snake:3:  layout_concentric_octagons, serial_shops, shop, ebering_ghost_gozag
Snake:4:  grunt_snake_rune_pools, layout_cave_town, serial_bayou_pond_e,
          st_stairs_3
Orc:1:    layout_caves, serial_shops, nicolae_shop_back_alley_shop,
          nicolae_shop_advertising_works [nicolae_subvault_shop_adworks],
          nicolae_shop_waterfront, shop, elves_outpost_lemuel
Orc:2:    grunt_orc_community_town_hall, layout_diamond_mine,
          grunt_orc_community_big_house_2, grunt_orc_community_big_house_1,
          grunt_orc_community_house_1, grunt_orc_community_house_1,
          grunt_orc_community_house_1, grunt_orc_community_house_1,
          grunt_orc_community_house_2, grunt_orc_community_house_2,
          bloody_makhleb
Vaults:1: nicolae_vaults_prndl, v_alt_pattern_6,
          nicolae_vaults_storing_the_good_stuff, vaults_room_door_ring,
          nicolae_vaults_mitosis, ontoclasm_vaults_pinch, vaults_room_hallway,
          layout_vaults_chaotic_city, serial_shops, shop
Vaults:2: mu_enter_wizlab_1, v_rooms_2, nicolae_vaults_alarming,
          nicolae_vaults_variable_pillar_hall, nicolae_vaults_double_plus_2,
          dpeg_vaults_monster_row, nicolae_vaults_rhombus_6, v_misc_17,
          vaults_room_pools, dpeg_vaults_monster_box,
          nicolae_vaults_shipping_containers_4, nicolae_vaults_tetromino_L_2,
          layout_vaults_quadrants
Vaults:3: nicolae_vaults_little_squares_1, hangedman_vaults_slice,
          minmay_crypt_entry_simple_corners, nicolae_vaults_sightless_eye,
          nicolae_vaults_closet_pinwheel_5, nicolae_vaults_three_branches,
          hangedman_vaults_restitches, nicolae_vaults_closet_pinwheel_5,
          v_misc_14, nicolae_vaults_trapezoid_4, v_alt_pattern_1,
          nicolae_vaults_tetromino_L_2, nicolae_vaults_tetromino_Z_1,
          layout_vaults_omnicross, serial_shops, shop
Vaults:4: hangedman_vaults_stream, nicolae_vaults_little_squares_4,
          nicolae_vaults_network_quincunx
          [nicolae_vaults_network_quincunx_subvault,
          nicolae_vaults_network_quincunx_subvault,
          nicolae_vaults_network_quincunx_subvault,
          nicolae_vaults_network_quincunx_subvault,
          nicolae_vaults_network_quincunx_subvault], st_lattice,
          nicolae_vaults_six-pack, nicolae_vaults_network_quinsquares
          [nicolae_vaults_network_quincunx_subvault,
          nicolae_vaults_network_quincunx_subvault,
          nicolae_vaults_network_quincunx_subvault,
          nicolae_vaults_network_quincunx_subvault], nicolae_vaults_rhombus_7,
          nicolae_vaults_trapezoid_layered, v_misc_4, vaults_room_boxed,
          nicolae_vaults_little_squares_1, ontoclasm_vaults_decontamination,
          grunt_vaults_focal, layout_vaults_omnibox, serial_shops,
          nicolae_book_shop_shelving
Vaults:5: uniq_boris
Depths:1: layout_honeycomb, chequers_jeans,
          nicolae_hell_entry_hellmouth_sunbeams, patterned_corridor
Depths:2: grunt_profane_halls [grunt_profane_loot, grunt_profane_temple_geh,
          grunt_profane_temple_tar, grunt_profane_temple_dis,
          grunt_profane_temple_coc], pan_entry, hell_entry, uniq_asterion,
          uniq_nikola
Depths:3: dreamdust_isle_of_ice, layout_cave_pools, abyss_entry, hell_entry,
          kennysheep_doodads, nrook_pool_corridor, slow_altar_2,
          infiniplex_staircase_river, minmay_shoptagon
Depths:4: grunt_bruiser_brothers, layout_gridlike, pf_coc_iceberg,
          lemuel_coloured_pillars_altar, rand_demon_pan_entry_9,
          nrook_kobold_shadow_demons
Zot:1:    layout_twisted_circle, regret_index_zotdec_dark_gr,
          regret_index_zotdec_banners
Zot:2:    hellmonk_paralyzer, layout_cellular_growth,
          regret_index_zotdec_onion_hex, grunt_ministairs_10, uniq_josephina,
          uniq_grunn, uniq_parghit
Zot:3:    layout_onion
Zot:4:    kennysheep_room_grid, layout_onion_interference,
          regret_index_zotdec_golden_two_three, zot_minivault_4
Zot:5:    layout_misc_corridors

Table legend: (Time is in decaauts)
 A = Elapsed time spent in this place.
 B = Non-inter-level travel time spent in this place.
 C = Inter-level travel time spent in this place.
 D = Time resting spent in this place.
 E = Time spent auto-exploring this place.
 F = Levels seen in this place.
 G = Mean time per level.
                   A        B        C        D        E       F      G
               +--------+--------+--------+--------+--------+-----+--------+
         Total |  47079 |  43270 |   3809 |   5668 |  25327 |  48 |  980.8 |
       Dungeon |  13429 |  11678 |   1751 |    945 |   7848 |  15 |  895.3 |
          Lair |   4848 |   4385 |    463 |    147 |   3248 |   5 |  969.6 |
        Shoals |   3966 |   3786 |    180 |    600 |   1426 |   4 |  991.5 |
     Snake Pit |   4996 |   4775 |    221 |    753 |   3135 |   4 | 1249.0 |
  Orcish Mines |   1856 |   1740 |    116 |     36 |   1105 |   2 |  928.0 |
        Vaults |   6500 |   6054 |    446 |    148 |   4161 |   5 | 1300.0 |
        Depths |   5316 |   4810 |    506 |    394 |   3160 |   4 | 1329.0 |
           Zot |   4499 |   4376 |    123 |   2229 |    901 |   5 |  899.8 |
         Abyss |    157 |    157 |      0 |      0 |     23 |   1 |  157.0 |
        Bazaar |    189 |    189 |      0 |      0 |     95 |   1 |  189.0 |
      Ice Cave |    907 |    907 |      0 |    338 |    175 |   1 |  907.0 |
        Wizlab |    411 |    411 |      0 |     76 |     47 |   1 |  411.0 |
               +--------+--------+--------+--------+--------+-----+--------+

Top non-repeatable levels by time:
   Zot:5: 1827 daAuts
Depths:4: 1719 daAuts
Vaults:5: 1654 daAuts
 Snake:4: 1558 daAuts
   Zot:4: 1542 daAuts
Depths:2: 1390 daAuts
  Lair:3: 1312 daAuts
Shoals:2: 1303 daAuts
Shoals:4: 1288 daAuts
 Snake:3: 1253 daAuts
Vaults:2: 1247 daAuts
Vaults:4: 1224 daAuts
Vaults:3: 1219 daAuts
     D:7: 1212 daAuts
 Snake:1: 1190 daAuts

Table legend:
 A = Kills in this place as a percentage of kills in the entire game.
 B = Kills by you in this place as a percentage of kills by you in the entire game.
 C = Kills by friends in this place as a percentage of kills by friends in the entire game.
 D = Other kills in this place as a percentage of other kills in the entire game.
 E = Experience gained in this place as a percentage of experience gained in the entire game.
 F = Experience gained in this place divided by the number of levels of this place that you have seen.
                   A       B       C       D       E      F
               +-------+-------+-------+-------+-------+----------------------
         Total | 100.0 | 100.0 | 100.0 | 100.0 | 100.0 | 26202.2
       Dungeon |  20.9 |  21.3 |   7.3 |   5.9 |   7.2 | 6013.3
          Lair |  10.6 |  10.4 |  29.3 |   0.0 |   4.7 | 11722.4
        Shoals |   8.1 |   8.0 |  17.1 |   5.9 |   8.3 | 26141.0
     Snake Pit |   8.0 |   8.0 |   9.8 |   5.9 |   7.5 | 23619.5
  Orcish Mines |   8.4 |   7.9 |  34.1 |   0.0 |   1.8 | 11396.5
        Vaults |  16.8 |  16.9 |   0.0 |  35.3 |  24.2 | 60796.6
        Depths |  13.8 |  13.8 |   2.4 |  47.1 |  20.5 | 64433.5
           Zot |   8.3 |   8.5 |   0.0 |   0.0 |  21.4 | 53739.6
         Abyss |   0.8 |   0.8 |   0.0 |   0.0 |   0.5 | 6354.0
      Ice Cave |   2.5 |   2.6 |   0.0 |   0.0 |   1.5 | 18437.0
        Wizlab |   1.7 |   1.8 |   0.0 |   0.0 |   2.5 | 31854.0
               +-------+-------+-------+-------+-------+----------------------
